 Dungeon Crawl Stone Soup version 0.29.1-13-g9f3cf754e1 (webtiles) character file.

Game seed: 1021083496543222941

5257 hbarley the Cleaver (level 10, -5/90 HPs)
             Began as a Hill Orc Fighter on Jan 30, 2023.
             Was a Priest of the Shining One.
             Slain by Urug
             ... wielding a +5 glaive of protection
              (12 damage)
             ... on level 1 of the Lair of Beasts.
             The game lasted 00:25:30 (9293 turns).

hbarley the Cleaver (Hill Orc Fighter)              Turns: 9293, Time: 00:25:31

Health: -5/90      AC: 16    Str: 22    XL:     10   Next: 62%
Magic:  0/19       EV: 12    Int:  8    God:    the Shining One [***...]
Gold:   459        SH:  6    Dex: 18    Spells: 9/9 levels left

rFire   . . .      SeeInvis .   r - +1 war axe (freeze)
rCold   . . .      Faith    .   c - +0 buckler
rNeg    + . .      Spirit   +   E - +4 ring mail
rPois   .          Reflect  .   (no helmet)
rElec   .          Harm     .   t - +0 cloak
rCorr   .          Rampage  .   k - +2 pair of gloves
Will    .....                   F - +0 pair of boots
Stlth   +.........              G - amulet of guardian spirit
HPRegen 0.25/turn               s - ring of magical power
MPRegen 0.16/turn               J - +6 ring of dexterity

@: glowing
A: no striking features
a: Renounce Religion, Divine Shield, Cleansing Flame


You were on level 1 of the Lair of Beasts.
You worshipped the Shining One.
The Shining One was most pleased with you.
You visited 3 branches of the dungeon, and saw 12 of its levels.

You collected 459 gold pieces.

Inventory:

Hand Weapons
 a - a +0 war axe
 r - a +1 war axe of freezing (weapon)
 B - a +2 battleaxe of freezing
Missiles
 y - a throwing net (quivered)
Armour
 b - a +0 scale mail
 c - a +0 buckler (worn)
 k - a +2 pair of gloves (worn)
 l - a +0 chain mail
 t - a +0 cloak (worn)
 C - a +0 troll leather armour
 E - a +4 ring mail (worn)
 F - a +0 pair of boots (worn)
Jewellery
 s - a ring of magical power (left hand)
 G - an amulet of guardian spirit (around neck)
 H - a ring of ice
 J - a +6 ring of dexterity (right hand)
Wands
 D - a wand of flame (4)
Scrolls
 e - 8 scrolls of identify {unknown}
 g - 2 scrolls of teleportation {unknown}
 i - 3 scrolls of fog {unknown}
 j - 4 scrolls of vulnerability {unknown}
 o - a scroll of magic mapping {unknown}
 p - a scroll of fear {unknown}
 u - 2 scrolls of blinking {unknown}
 v - a scroll of poison {unknown}
 w - a scroll of noise {unknown}
 x - a scroll of brand weapon {unknown}
 I - a scroll of enchant armour {unknown}
Potions
 d - 3 potions of might
 f - 2 potions of attraction {unknown}
 h - 2 potions of heal wounds {unknown}
 m - a potion of haste {unknown}
 n - 3 potions of curing {unknown}
 q - 2 potions of ambrosia {unknown}
 z - 2 potions of brilliance {unknown}
 A - a potion of flight {unknown}


   Skills:
 + Level 8.7 Fighting
 + Level 13.8 Axes
 + Level 8.3 Armour
 + Level 2.7 Dodging
 + Level 1.6 Stealth
 + Level 5.3 Shields
 + Level 1.1 Evocations


You had 9 spell levels left.
You didn't know any spells.
Your spell library contained the following spells:

 Spells                   Type           Power      Damage    Failure   Level
 Gell's Gravitas          Tloc           0%         N/A       94%         3
 Lesser Beckoning         Tloc           0%         N/A       94%         3
 Ozocubu's Armour         Ice            0%         N/A       94%         3
 Teleport Other           Tloc           0%         N/A       94%         3
 Metabolic Englaciation   Hex/Ice        0%         N/A       100%        5
 Simulacrum               Ice/Necr       0%         N/A       100%        6


Dungeon Overview and Level Annotations

Branches:
Dungeon (9/15)             Temple (1/1) D:4            Lair (2/5) D:8
  Swamp: Lair:2-3    Shoals: Lair:2-3     Snake: Lair:2-3    Spider: Lair:2-3
    Orc: D:9-12

Altars:
Ashenzari
Cheibriados
Dithmenos
Fedhas
Gozag
Hepliaklqana
Kikubaaqudgha
Makhleb
Nemelex Xobeh
Okawaru
Qazlal
Trog
Uskayaw
Vehumet
Wu Jian
Xom
Zin
The Shining One

Annotations:
D:3 2 transporters
Lair:1 Urug


Message History

Urug shouts!
Found a stone staircase leading down.
There is a stone staircase leading down here.
Urug hits you but does no damage.
You hit Urug but do no damage.
Urug zaps a wand.
You easily resist.
You completely miss Urug.
Urug zaps a wand.
Your will is overpowered!
You are confused.
Urug hits you with a +5 glaive of protection!
You hit Urug but do no damage.
Urug hits you with a +5 glaive of protection!!
You hit Urug but do no damage. Urug closely misses you.
Urug hits you with a +5 glaive of protection!
You feel less confused.
Urug hits you with a +5 glaive of protection.
You barely miss Urug. You block Urug's attack.
You completely miss Urug.
Urug zaps a wand.
Your will is overpowered!
You are confused.
You hit Urug but do no damage.
Urug hits you with a +5 glaive of protection.
You closely miss Urug.
Urug hits you with a +5 glaive of protection!!
* * * LOW HITPOINT WARNING * * *
Urug throws a javelin.
The javelin pierces through you but does no damage.
You're too confused to move!
Urug barely misses you.
You bump into the rock wall.
Urug zaps a wand.
You easily resist.
You're too confused to move!
Urug zaps a wand.
You easily resist.
The now-empty wand crumbles to dust.
You feel less confused.
Urug hits you from afar with a +5 glaive of protection!
* * * LOW HITPOINT WARNING * * *
Urug hits you with a +5 glaive of protection!
* * * LOW HITPOINT WARNING * * *
Urug barely misses you. You block Urug's attack.
Urug throws a javelin.
The javelin completely misses you.
There is a stone staircase leading down here.
Urug grins evilly.
Urug hits you from afar with a +5 glaive of protection!
You die...

..###.# #.....#
##>..##.# #....#...#
##.....#.## .. .....#
..#.#.........##..
.....# .................
###..####...#...........
#...............#...#
#...............#..##
#.........#...@.....#
##..P##..###.........#
#.[....P.###...o.##.....
#......P.........# ....
#..........#.....# ..
#......##.####..##
##......##.####..#
..................
...................


You could see Urug.

Vanquished Creatures
  2 komodo dragons (D:8)
  A rime drake (Lair:2)
  A troll (D:6)
  3 blink frogs (Lair:2)
  5 yaks
  A steam dragon (D:7)
  2 water moccasins (Lair:2)
  A black bear (D:8)
  2 orc warriors (D:8)
  An ogre (D:5)
  A centaur (D:7)
  A phantom (D:5)
  Blork the orc (D:6)
  A gnoll sergeant (D:6)
  5 bullfrogs
  15 wights
  4 howler monkeys
  An orc priest (D:4)
  2 hounds (D:5)
  3 jellies
  2 gnoll boudas
  6 iguanas
  3 orc wizards
  11 gnolls
  6 adders
  3 shadow imps
  2 white imps
  An ufetubus (D:4)
  2 worms
  A dart slug (D:8)
  25 orcs
  5 bats
  3 endoplasms
  2 giant cockroaches
  3 goblins
  7 hobgoblins
  4 jackals (D:4)
  3 quokkas
  4 ball pythons
  3 frilled lizards
  8 kobolds
  6 rats
163 creatures vanquished.

Vanquished Creatures (others)
  16 fungi
  23 plants
39 creatures vanquished.

Grand Total: 202 creatures vanquished

Notes
Turn   | Place    | Note
-------+----------+-------------------------------------------
     0 | D:1      | hbarley the Hill Orc Fighter began the quest for the Orb.
     0 | D:1      | Reached XP level 1. HP: 19/19 MP: 1/1
   197 | D:1      | Reached XP level 2. HP: 17/27 MP: 2/2
   466 | D:1      | Reached skill level 3 in Axes
  1057 | D:1      | Reached XP level 3. HP: 33/33 MP: 3/3
  1610 | D:2      | Found a faded altar of an unknown god.
  1693 | D:2      | You fall into a shaft and drop 1 floor!
  1740 | D:3      | Reached XP level 4. HP: 39/40 MP: 4/4
  1972 | D:3      | Found a transporter.
  2260 | D:3      | Found a burning altar of Makhleb.
  2284 | D:3      | Reached skill level 4 in Axes
  2349 | D:3      | Found a transporter.
  3004 | D:4      | Reached XP level 5. HP: 37/46 MP: 5/5
  3360 | D:4      | Found a staircase to the Ecumenical Temple.
  3373 | Temple   | Entered the Ecumenical Temple
  3746 | Temple   | Became a worshipper of the Shining One
  4169 | D:4      | Reached skill level 5 in Axes
  4558 | D:5      | Entered Level 5 of the Dungeon
  4573 | D:5      | Noticed a phantom
  4590 | D:5      | Reached XP level 6. HP: 33/55 MP: 6/6
  4802 | D:5      | Reached skill level 6 in Axes
  4913 | D:5      | Reached skill level 5 in Fighting
  4922 | D:5      | Reached skill level 5 in Armour
  5193 | D:5      | Reached XP level 7. HP: 61/61 MP: 7/7
  5637 | D:6      | Reached skill level 7 in Axes
  5710 | D:6      | Reached * piety under the Shining One
  5746 | D:6      | Reached skill level 1 in Stealth
  5922 | D:5      | Reached skill level 1 in Dodging
  5929 | D:5      | Reached XP level 8. HP: 45/70 MP: 8/8
  6056 | D:5      | Reached skill level 8 in Axes
  6229 | D:6      | Noticed Blork the orc
  6238 | D:6      | Killed Blork the orc
  6285 | D:6      | Reached skill level 9 in Axes
  6986 | D:7      | Noticed a troll
  7010 | D:6      | Killed a troll
  7022 | D:7      | Reached skill level 10 in Axes
  7135 | D:7      | Reached ** piety under the Shining One
  7160 | D:6      | Reached XP level 9. HP: 69/78 MP: 9/9
  7647 | D:7      | Reached skill level 11 in Axes
  7792 | D:7      | Found a sparkling altar of Nemelex Xobeh.
  7793 | D:7      | Found an opulent altar of Gozag.
  7828 | D:7      | Found a blossoming altar of Fedhas.
  7832 | D:7      | Found a broken altar of Ashenzari.
  7835 | D:7      | Found an iron altar of Okawaru.
  8055 | D:8      | Found a snail-covered altar of Cheibriados.
  8341 | D:8      | Noticed a komodo dragon
  8377 | D:8      | Killed a komodo dragon
  8378 | D:8      | Reached skill level 12 in Axes
  8385 | D:8      | Reached skill level 5 in Shields
  8389 | D:8      | Noticed a komodo dragon
  8404 | D:8      | Killed a komodo dragon
  8405 | D:8      | Reached XP level 10. HP: 62/88 MP: 10/10
  8506 | D:9      | Reached skill level 13 in Axes
  8792 | D:8      | Found a staircase to the Lair.
  8933 | Lair:1   | Entered Level 1 of the Lair of Beasts
  8995 | Lair:1   | You fall into a shaft and drop 1 floor!
  9172 | Lair:2   | Reached skill level 1 in Evocations
  9197 | Lair:2   | Reached *** piety under the Shining One
  9270 | Lair:1   | Noticed Urug
  9293 | Lair:1   | Slain by Urug

Illustrated notes

Levels and vault maps discovered:
D:1:      matt_arrival_grand_opening, layout_basic, serial_park_tiny_2
D:2:      layout_basic, ebering_ecumenical_altar_ruins
D:3:      gammafunk_steamed_eel, layout_basic, mainiacjoe_overflow_alcove_2
D:4:      layout_basic, temple_green
D:5:      layout_loops_cross
D:6:      layout_gridville, minmay_liquid_box, uniq_blork_the_orc
D:7:      layout_gridville, minmay_overflow_temple_star_quad,
          grunt_temple_overflow_opulence
D:8:      layout_rooms, kennysheep_slug_shrine, grunt_lair_entry_orc_guard_hut,
          st_stairs_7, kennysheep_generic_room_7, uniq_joseph
D:9:      layout_basic, kennysheep_ying_yang, amethyst_overflow_temple_binary,
          minmay_puff, uniq_harold
Temple:   minmay_temple_curvy_loop
Lair:1:   layout_gridlike, gauntlet_entry_generic, nicolae_lair_lindhole,
          serial_bayou_shore_b, uniq_urug
Lair:2:   layout_loops_ring, serial_bayou_pond_d, serial_bayou_shore_a,
          grunt_megastairs_2, infiniplex_staircase_pool_2, lemuel_fruit_tree

Skill      XL: |  1  2  3  4  5  6  7  8  9 10 |
---------------+-------------------------------+-----
Axes           | 3 4 5 6 7 10 12 13 | 13.8
Fighting       | 4 5 6 7 8 |  8.7
Armour         | 4 5 6 7 8 |  8.3
Stealth        | 1 |  1.6
Dodging        | 1 2 |  2.7
Shields        | 4 5 |  5.3
Evocations     | 1 |  1.1

Action                   |  1- 3 |  4- 6 |  7- 9 | 10-12 || total
-------------------------+-------+-------+-------+-------++-------
Melee: War axe           |   101 |   169 |   193 |    68 ||   531
Evoke: Wand              |       |       |     5 |       ||     5
  Use: Potion            |       |       |     1 |       ||     1
Armor: Scale mail        |    42 |       |       |       ||    42
       Chain mail        |    21 |    99 |    97 |       ||   217
       Ring mail         |       |       |    11 |    27 ||    38
Dodge: Dodged            |    34 |    57 |    65 |    27 ||   183
Block: Buckler           |    27 |    39 |    38 |    16 ||   120
